 Dungeon Crawl Stone Soup version 0.32-a0-921-g04a7ad8e02 (webtiles) character file.

Game seed: 3332230400123535995

408 Revguard the Shield-Bearer (level 6, -6/72 HPs)
             Began as a Demonspawn Fighter on Apr 12, 2024.
             Was an Initiate of Yredelemnul.
             Mangled by Menkaure (16 damage)
             ... on level 5 of the Dungeon.
             The game lasted 00:07:01 (3381 turns).

Revguard the Shield-Bearer (Demonspawn Fighter)     Turns: 3381, Time: 00:07:05

Health: -6/72      AC: 23    Str: 18    XL:     6   Next: 57%
Magic:  7/7        EV:  2    Int:  8    God:    Yredelemnul [......]
Gold:   153        SH:  4    Dex: 13    Spells: 5/5 levels left

rFire   . . .        a - +0 war axe
rCold   . . .        c - +0 buckler
rNeg    . . .        l - melded +0 plate armour
rPois   +            (helmet currently unavailable)
rElec   .            p - melded +0 cloak
rCorr   .            (gloves currently unavailable)
SInv    .            (boots currently unavailable)
Will    .....        (no amulet)
Stlth   +            (no ring)
HPRegen 0.32/turn    (no ring)
MPRegen 0.10/turn

%: no passive effects
@: tree-form, wreathed by umbra
A: stationary, stasis, torment immunity, boosted hp, repulsion field 1, (spiny
2), demonic magic 1
a: Renounce Religion, Light the Black Torch, Recall Undead Harvest


You were on level 5 of the Dungeon.
You worshipped Yredelemnul.
Yredelemnul was noncommittal.
You were a tree.
You visited 2 branches of the dungeon, and saw 6 of its levels.

You collected 197 gold pieces.
You spent 44 gold pieces at shops.

Inventory:

Hand Weapons
 a - a +0 war axe (weapon)
Armour
 b - a +0 scale mail
 c - a +0 buckler (worn)
 l - a +0 plate armour (melded)
 p - a +0 cloak (melded)
Jewellery
 i - an amulet of magic regeneration
Wands
 h - a wand of charming (7)
Scrolls
 d - a scroll of revelation {unknown}
 g - 2 scrolls of teleportation
 k - a scroll of poison {unknown}
 q - a scroll of silence {unknown}
 r - a scroll of amnesia {unknown}
 t - a scroll of fog {unknown}
Potions
 e - 2 potions of brilliance {unknown}
 f - 3 potions of berserk rage {unknown}
 j - a potion of curing
 n - a potion of haste {unknown}
 o - a potion of attraction {unknown}
 s - a potion of heal wounds {unknown}


   Skills:
 + Level 3.7 Fighting
 * Level 3.3 Axes
 + Level 3.3 Armour
 + Level 1.8 Dodging
 * Level 3.9 Shields
 + Level 2.5 Invocations
 + Level 2.0 Evocations


You had 5 spell levels left.
You didn't know any spells.
Your spell library was empty.

Dungeon Overview and Level Annotations

Branches:
Dungeon (5/15)             Temple (1/1) D:4

Altars:
Ashenzari
Dithmenos
Fedhas
Gozag
Hepliaklqana
Kikubaaqudgha
Makhleb
Nemelex Xobeh
Qazlal
Ru
Sif Muna
Trog
Uskayaw
Vehumet
Wu Jian
Xom
Yredelemnul

Shops:
D:1 *   D:2 :*[=*   D:4 :

Annotations:
D:5 Menkaure


Innate Abilities, Weirdness & Mutations

You are a tree.
Your roots penetrate the ground, keeping you stationary.
You cannot be teleported.
You are immune to unholy pain and torment.
Your maximum health is greatly increased.
Your equipment is partially melded.
You are surrounded by a mild repulsion field. (EV +2)
((You are mostly covered in sharp spines.))
Spells you cast may paralyse adjacent enemies.


Message History

The dead are crawling!
Your Evocations skill increases to level 2!
HP restored.
You swap places.
Menkaure, Prince of Dust comes into view.
Menkaure shouts!
Menkaure calls on the powers of darkness!
Your body is wracked with pain!
You hit Menkaure.
Menkaure is moderately damaged.
Menkaure gestures wildly while chanting.
Menkaure seems to speed up.
You barely miss Menkaure.
Menkaure is moderately damaged.
Menkaure calls on the powers of darkness!
Your body is wracked with pain!
* * * LOW HITPOINT WARNING * * *
Menkaure barely misses you.
You turn into a tree.
Your +0 cloak melds into your body.
Your +0 plate armour melds into your body.
Your roots penetrate the ground.
Your scorpion zombie hits Menkaure but does no damage.
Menkaure hits you but does no damage.
You hit Menkaure.
Menkaure is heavily damaged.
Your scorpion zombie hits Menkaure.
Menkaure hits you but does no damage.
Your scorpion zombie hits Menkaure.
Menkaure hits your scorpion zombie!
You hit Menkaure but do no damage.
Menkaure is severely damaged.
Menkaure hits you!
* * * LOW HITPOINT WARNING * * *
Your scorpion zombie hits Menkaure.
You barely miss Menkaure.
Menkaure is severely damaged.
Menkaure hits you.
* * * LOW HITPOINT WARNING * * *
Your scorpion zombie hits Menkaure but does no damage.
Menkaure hits you!
You die...
Your body rises from the dead as a mindless zombie.

.# #.# #.# #.##### #.....#
#.....# #....M#
#...Z♣#######
#....Z......# #.......
###########.# #.......
########Z# #.#....#
#........# # ##......#
#.#####..#.#### # .......#
#.#####.......#
#<#.#..#.##
#.##.Z.....##.#
#.#.#.....#####.##.##..###


You could see Menkaure (fast, ally target), a friendly spectral shadow imp and a
friendly scorpion zombie.

Vanquished Creatures
  A hound (D:4)
  3 orc wizards (D:4)
  An iguana (D:4)
  A sleepcap (D:4)
  11 adders
  2 gnolls (D:2)
  A shadow imp (D:5)
  2 dart slugs
  An orc (D:4)
  9 ball pythons
  6 endoplasms
  2 giant cockroaches
  5 goblins
  7 hobgoblins
  4 jackals (D:1)
  3 quokkas
  4 bats
  A frilled lizard (D:2)
  8 kobolds
  2 rats
74 creatures vanquished.

Vanquished Creatures (collateral kills)
  A scorpion (D:5)
  A gnoll (D:2)
2 creatures vanquished.

Vanquished Creatures (others)
  A ball python zombie (D:4)
  A kobold zombie (D:4)
2 creatures vanquished.

Grand Total: 78 creatures vanquished

Notes
Turn   | Place    | Note
-------+----------+-------------------------------------------
     0 | D:1      | Revguard the Demonspawn Fighter began the quest for the
                  | Orb.
     0 | D:1      | Reached XP level 1. HP: 18/18 MP: 1/1
   155 | D:1      | Gained mutation: You are partially covered in sharp spines.
                  | [demonic ancestry]
   155 | D:1      | Reached XP level 2. HP: 10/24 MP: 2/2
   253 | D:1      | Found Rofog's General Store.
   555 | D:1      | Reached skill level 1 in Invocations
   687 | D:2      | Found Naklire's Book Emporium.
   692 | D:2      | Found Oblal's General Store.
   710 | D:2      | Reached XP level 3. HP: 28/29 MP: 3/3
   751 | D:2      | Found Lecro's Antique Armour Boutique.
   914 | D:2      | Found Xaoh Ude's Jewellery Shoppe.
  1019 | D:2      | Reached skill level 1 in Evocations
  1021 | D:2      | Gained mutation: You are mostly covered in sharp spines.
                  | [demonic ancestry]
  1021 | D:2      | Reached XP level 4. HP: 15/35 MP: 5/5
  1135 | D:2      | Found Hofivehi's General Store.
  1140 | D:2      | Bought a scroll of identify for 22 gold pieces
  1140 | D:2      | Bought a scroll of identify for 22 gold pieces
  1289 | D:2      | Reached skill level 1 in Dodging
  1945 | D:3      | Gained mutation: Spells you cast may paralyse adjacent
                  | enemies. [demonic ancestry]
  1945 | D:3      | Reached XP level 5. HP: 39/41 MP: 6/6
  2109 | D:3      | Found a shimmering altar of Xom.
  2110 | D:3      | Found a stormy altar of Qazlal.
  2111 | D:3      | Found an opulent altar of Gozag.
  2112 | D:3      | Found a hide-covered altar of Uskayaw.
  2338 | D:4      | Gained mutation: You are surrounded by a mild repulsion
                  | field. (EV +2) [demonic ancestry]
  2338 | D:4      | Reached XP level 6. HP: 28/47 MP: 7/7
  2496 | D:4      | Found Jiziq's Book Boutique.
  2593 | D:4      | Found a staircase to the Ecumenical Temple.
  2601 | Temple   | Entered the Ecumenical Temple
  2617 | Temple   | Became a worshipper of Yredelemnul the Fallen
  3286 | D:5      | Entered Level 5 of the Dungeon
  3374 | D:5      | Noticed Menkaure
  3381 | D:5      | Mangled by Menkaure

Illustrated notes

Levels and vault maps discovered:
D:1:      erik_arrival_orb_chamber, layout_loops_ring, serial_shops,
          nicolae_lakefront_shop
D:2:      minmay_chambers_of_twos, layout_rooms, serial_curves, eino_curves_03,
          eino_curves_02, eino_curves_04, eino_curves_03, serial_shops,
          shop_fountains, nicolae_shop_crystal, shop, shop,
          nicolae_shop_tiny_statue_garden, kennysheep_generic_room_7
D:3:      layout_loops_ring, mainiacjoe_overflow_alcove_3
D:4:      layout_basic, minmay_temple_entry_glassed_door, serial_shops,
          nicolae_shop_tiny_statue_garden, serial_park_tiny_1
D:5:      layout_loops_cross, kennysheep_mini_moat, uniq_menkaure, uniq_sigmund
Temple:   nicolae_temple_elliptical

Skill      XL: |  1  2  3  4  5  6 |
---------------+-------------------+-----
Axes           | 2 3 |  3.3
Invocations    | 1 2 |  2.5
Shields        | 3 |  3.9
Evocations     | 1 2 |  2.0
Armour         | 3 |  3.3
Dodging        | 1 |  1.8
Fighting       | |  3.7

Action                     |  1- 3 |  4- 6 || total
---------------------------+-------+-------++-------
  Melee: War axe           |    65 |    90 ||   155
 Invoke: Light the Black T |       |     2 ||     2
  Evoke: Wand              |     2 |       ||     2
    Use: Potion            |     1 |     1 ||     2
         Scroll            |       |     3 ||     3
 Armour: Scale mail        |    83 |     6 ||    89
         Plate armour      |       |    63 ||    63
         Skin              |       |     5 ||     5
  Dodge: Dodged            |    33 |    19 ||    52
  Block: Buckler           |    18 |    22 ||    40

Table legend: (Time is in decaauts)
 A = Elapsed time spent in this place.
 B = Non-inter-level travel time spent in this place.
 C = Inter-level travel time spent in this place.
 D = Time resting spent in this place.
 E = Time spent auto-exploring this place.
 F = Levels seen in this place.
 G = Mean time per level.
                   A        B        C        D        E       F      G
               +--------+--------+--------+--------+--------+-----+--------+
         Total |   3444 |   3298 |    146 |      0 |   2678 |   6 |  574.0 |
       Dungeon |   3415 |   3281 |    134 |      0 |   2678 |   5 |  683.0 |
        Temple |     28 |     16 |     12 |      0 |      0 |   1 |   28.0 |
               +--------+--------+--------+--------+--------+-----+--------+

Top non-repeatable levels by time:
     D:4: 1106 daAuts
     D:2: 806 daAuts
     D:1: 705 daAuts
     D:3: 699 daAuts
     D:5: 97 daAuts
  Temple: 28 daAuts
